 Dungeon Crawl Stone Soup version 0.23-a0-641-g0a7f1ce553 (webtiles) character file.

11760 HereIgoKillingAgain the Severer (level 11, 0/91 HPs)
             Began as a Hill Orc Fighter on Dec 30, 2018.
             Was an Elder of Makhleb.
             Slain by a spiny frog (18 damage)
             ... on level 3 of the Lair of Beasts.
             The game lasted 00:15:42 (14991 turns).

HereIgoKillingAgain the Severer (Hill Orc Fighter) Turns: 14991, Time: 00:15:42

Health: 0/91       AC: 15    Str: 23    XL:     11   Next: 82%
Magic:  28/28      EV:  9    Int: 15    God:    Makhleb [****..]
Gold:   754        SH:  0    Dex:  8    Spells: 10/10 levels left

rFire    + + +     SeeInvis .   a - +0 war axe
rCold    x . .     Gourm    .   (no shield)
rNeg     + . .     Faith    .   M - +0 fire dragon scales
rPois    .         Spirit   .   g - +1 helmet
rElec    .         Reflect  .   A - +0 cloak
rCorr    .         Harm     .   H - +0 pair of gloves of the Eight Boll Weevils {MP+9 Str+3 Int+4 Dex-2}
MR       .....                  (no boots)
Stlth    ..........             (no amulet)
HPRegen  0.25/turn              Q - ring of positive energy
MPRegen  0.21/turn              n - ring of protection from fire

@: no status effects
A: no striking features
a: Minor Destruction, Lesser Servant of Makhleb, Major Destruction, Renounce
Religion


You were on level 3 of the Lair of Beasts.
You worshipped Makhleb.
Makhleb was greatly pleased with you.
You were not hungry.

You visited 3 branches of the dungeon, and saw 15 of its levels.
You also visited: Ossuary.

You collected 754 gold pieces.

Inventory:

Hand Weapons
 a - a +0 war axe (weapon)
 b - a +0 hand axe of flaming
Armour
 g - a +1 helmet (worn)
 A - a +0 cloak (worn)
 E - a +0 pair of gloves
 H - the +0 pair of gloves of the Eight Boll Weevils (worn) {MP+9 Str+3 Int+4 Dex-2}
   (You found it on level 9 of the Dungeon)

   It affects your strength (+3).
   It affects your intelligence (+4).
   It affects your dexterity (-2).
   It affects your magic capacity (+9).
 M - +0 fire dragon scales (worn)
 O - a +0 scale mail
Jewellery
 l - a +3 ring of intelligence
 n - a ring of protection from fire (right hand)
 D - an uncursed ring of flight
 Q - a ring of positive energy (left hand)
Wands
 C - a wand of iceblast (2)
 I - a wand of flame (11)
 L - a wand of random effects (14)
Scrolls
 h - a scroll of blinking
 k - 6 scrolls of magic mapping
 p - 11 scrolls of remove curse
 y - a scroll of fog
 z - 2 scrolls of enchant armour
 F - a scroll of teleportation
 N - a scroll of amnesia
Potions
 d - 2 potions of heal wounds
 e - 4 potions of magic
 i - 10 potions of curing
 j - a potion of lignification
 m - a potion of brilliance
 o - 3 potions of mutation
 q - 2 potions of ambrosia
 s - 2 potions of haste
 t - a potion of might
 u - 2 potions of invisibility
 v - a potion of agility
 w - 3 potions of flight
 x - a potion of resistance
 B - a potion of berserk rage {unknown}
 P - a potion of cancellation {unknown}
 R - a potion of degeneration {unknown}
Comestibles
 c - 3 chunks of flesh
 f - 10 rations


   Skills:
 + Level 6.6 Fighting
 - Level 16.0 Axes
 + Level 6.0 Armour
   Level 3.2 Shields
 * Level 11.2 Invocations
 - Level 7.2 Evocations


You had 10 spell levels left.
You didn't know any spells.
Your spell library contained the following spells:

 Spells                   Type           Power        Failure   Level  Hunger
 Beastly Appendage        Tmut           #.....       58%         1    ##.....
 Poisonous Vapours        Pois/Air       #.....       75%         2    ###....
 Sticks to Snakes         Tmut           #.......     75%         2    ###....
 Conjure Flame            Conj/Fire      #.......     92%         3    ####...
 Mephitic Cloud           Conj/Pois/Air  #.......     92%         3    ####...
 Spider Form              Tmut/Pois      #.........   92%         3    ####...
 Ice Form                 Ice/Tmut       #.......     100%        4    #####..
 Blade Hands              Tmut           #.........   100%        5    ######.
 Freezing Cloud           Conj/Ice/Air   #.........   100%        6    #######
 Ring of Flames           Chrm/Fire      #.........   100%        7    #######


Dungeon Overview and Level Annotations

Branches:
Dungeon (11/15)            Temple (1/1) D:4            Lair (3/6) D:10
 Shoals (0/4) Lair:2          Orc (0/2) D:10
  Snake: Lair:2-4    Spider: Lair:2-4

Altars:
Ashenzari
Cheibriados
Dithmenos
Elyvilon
Fedhas
Gozag
Hepliaklqana
Kikubaaqudgha
Makhleb
Okawaru
Qazlal
Ru
Sif Muna
Trog
Uskayaw
Vehumet
Wu Jian
Xom
Yredelemnul
Zin
The Shining One
Beogh

Shops:
D:6 %   D:8 *   D:10 =

Annotations:
Lair:2 exclusion: oklob plant


Message History

Your Armour skill increases to level 6!
You feel very sick. The spiny frog stings you!!
* * * LOW HITPOINT WARNING * * *
You are more poisoned.
The spiny frog poisons you!
You feel better. The spiny frog closely misses you.
You hit the spiny frog but do no damage.
The spiny frog is severely wounded.
The spiny frog closely misses you.
You slash the spiny frog!
The spiny frog is almost dead.
The spiny frog closely misses you.
You hit the spiny frog but do no damage.
The spiny frog is almost dead.
The spiny frog stings you but does no damage.
You barely miss the spiny frog.
The spiny frog is almost dead.
The spiny frog stings you!!
You die...

.......?........
................
................
...............
............
#.......##
#F.......#####
###@$...........
#.....†.....<.#...
....P.#.......#
#.............#
###..#......÷.#
#.###.........# .+
............... ..
................
#####P#######.##


You could see a spiny frog.

Vanquished Creatures
  A hydra (Lair:2)
  An orc knight (D:10)
  A deep elf mage (D:10)
  2 merfolk sirens (Lair:2)
  A black mamba (Lair:3)
  4 spiny frogs (Lair:2)
  A komodo dragon (Lair:2)
  2 merfolk (Lair:2)
  Grinder (D:4)
  Sigmund (D:2)
  3 yaks (Lair:1)
  Eustachio (D:6)
  A wyvern (D:8)
  A basilisk (Lair:1)
  A hungry ghost (D:7)
  3 water moccasins
  A porcupine (Lair:2)
  6 orc warriors
  4 ice beasts
  A phantom (D:8)
  A sky beast (D:6)
  A necrophage (D:7)
  5 ogres
  5 centaurs
  A crocodile (Lair:3)
  A big kobold (D:10)
  5 bullfrogs
  A gnoll sergeant (D:8)
  7 scorpions (Ossuary)
  11 killer bees
  A wight (D:6)
  4 howler monkeys
  7 crimson imps
  A centaur zombie (Ossuary)
  10 hounds
  2 bullfrog skeletons
  3 human zombies (Ossuary)
  A centaur skeleton (D:6)
  5 orc priests
  4 jellies
  Crazy Yiuf (D:7)
  3 iguanas
  10 orc wizards
  10 worker ants
  A killer bee zombie (D:6)
  A big kobold zombie (Ossuary)
  3 mummies (Ossuary)
  2 howler monkey zombies
  A worker ant zombie (D:8)
  5 gnolls
  4 scorpion zombies (Ossuary)
  8 adders
  2 shadow imps
  An ooze (D:5)
  4 adder skeletons
  4 worms
  2 dart slugs
  11 leopard geckos
  50 orcs
  3 bat zombies (D:2)
  8 giant cockroaches
  14 goblins
  9 hobgoblins
  11 jackals
  5 quokkas
  5 bats (D:1)
  A frilled lizard (D:1)
  2 giant cockroach zombies
  3 hobgoblin zombies (Ossuary)
  A jackal skeleton (D:4)
  19 kobolds
  4 kobold zombies (Ossuary)
  A leopard gecko skeleton (D:6)
  3 orc zombies (Ossuary)
  3 quokka skeletons
  2 quokka zombies
  4 rats
  A fungus (Lair:2)
  A plant (Lair:1)
336 creatures vanquished.

Vanquished Creatures (others)
  3 fungi (Lair:2)
3 creatures vanquished.

Grand Total: 339 creatures vanquished

Notes
Turn   | Place    | Note
-------+----------+-------------------------------------------
     0 | D:1      | HereIgoKillingAgain the Hill Orc Fighter began the quest
                  | for the Orb.
     0 | D:1      | Reached XP level 1. HP: 19/19 MP: 1/1
    20 | D:1      | Reached skill level 3 in Axes
    74 | D:1      | Reached XP level 2. HP: 25/26 MP: 2/2
   176 | D:1      | Reached skill level 4 in Axes
   526 | D:1      | Reached XP level 3. HP: 31/31 MP: 3/3
   831 | D:2      | Reached skill level 5 in Axes
   894 | D:2      | Noticed Sigmund
   912 | D:2      | Killed Sigmund
   912 | D:2      | Reached skill level 7 in Axes
   912 | D:2      | Reached XP level 4. HP: 12/39 MP: 4/4
   912 | D:2      | Reached XP level 5. HP: 14/45 MP: 5/5
  1058 | D:2      | Reached skill level 8 in Axes
  1105 | D:2      | Reached XP level 6. HP: 43/51 MP: 6/6
  1522 | D:3      | Found a basalt altar of Yredelemnul.
  1756 | D:3      | Found a faded altar of an unknown god.
  1785 | D:3      | Found a hide-covered altar of Uskayaw.
  1805 | D:3      | Found an opulent altar of Gozag.
  1853 | D:3      | You fall through a shaft for 2 floors!
  1853 | D:5      | Entered Level 5 of the Dungeon
  1901 | D:5      | Found a sand-covered staircase.
  1910 | Ossuary  | Entered an ossuary
  1945 | Ossuary  | Reached skill level 9 in Axes
  2225 | Ossuary  | Reached XP level 7. HP: 42/57 MP: 7/7
  2247 | Ossuary  | Reached skill level 10 in Axes
  2709 | Ossuary  | Reached skill level 11 in Axes
  2765 | Ossuary  | Reached XP level 8. HP: 54/64 MP: 8/8
  3176 | D:5      | Reached skill level 12 in Axes
  3880 | D:4      | Found a staircase to the Ecumenical Temple.
  3968 | Temple   | Entered the Ecumenical Temple
  4084 | Temple   | Became a worshipper of Makhleb the Destroyer
  4137 | D:4      | Noticed Grinder
  4150 | D:4      | Killed Grinder
  4150 | D:4      | Reached skill level 13 in Axes
  4181 | D:4      | Reached skill level 1 in Invocations
  4510 | D:3      | Found a shimmering altar of Xom.
  4731 | D:4      | Found a shadowy altar of Dithmenos.
  4839 | D:4      | Reached skill level 1 in Evocations
  5517 | D:6      | Reached XP level 9. HP: 66/70 MP: 10/10
  5594 | D:6      | Reached * piety under Makhleb
  5909 | D:6      | Reached skill level 14 in Axes
  6242 | D:6      | Noticed Eustachio
  6246 | D:6      | Killed Eustachio
  6457 | D:6      | Found a blossoming altar of Fedhas.
  6458 | D:6      | Found a bloodstained altar of Trog.
  6888 | D:6      | Reached skill level 5 in Invocations
  7260 | D:6      | Found Duacek's Food Shop.
  7449 | D:7      | Reached ** piety under Makhleb
  7563 | D:7      | Reached skill level 15 in Axes
  7584 | D:7      | Reached XP level 10. HP: 71/77 MP: 14/14
  7925 | D:7      | Found a runed door.
  8126 | D:7      | Noticed Crazy Yiuf
  8133 | D:7      | Killed Crazy Yiuf
  8393 | D:8      | Found an opulent altar of Gozag.
  8432 | D:8      | Found Eshet's Assorted Antiques.
  8516 | D:8      | Reached skill level 5 in Evocations
  8865 | D:8      | Reached *** piety under Makhleb
  9493 | D:9      | Reached skill level 16 in Axes
 10330 | D:9      | Got a pair of heavily runed gloves
 10341 | D:9      | Identified the +0 pair of gloves of the Eight Boll Weevils
                  | {MP+9 Str+3 Int+4 Dex-2} (You found it on level 9 of the
                  | Dungeon)
 10705 | D:10     | Entered Level 10 of the Dungeon
 11070 | D:10     | Found Dawyady's Jewellery Shop.
 11070 | D:10     | Noticed a deep elf mage
 11084 | D:10     | Killed a deep elf mage
 11235 | D:10     | Found a staircase to the Lair.
 11247 | D:10     | Noticed an orc knight
 11250 | D:10     | Found a roughly hewn altar of Beogh.
 11253 | D:10     | Killed an orc knight
 11253 | D:10     | Reached XP level 11. HP: 85/85 MP: 17/17
 11281 | D:10     | Reached **** piety under Makhleb
 11291 | D:10     | Reached skill level 5 in Fighting
 11308 | D:10     | Found a staircase to the Orcish Mines.
 11781 | D:11     | Noticed a purple ugly thing
 11824 | Lair:1   | Entered Level 1 of the Lair of Beasts
 12509 | Lair:2   | Noticed a seven-headed hydra
 12521 | Lair:2   | Killed a two-headed hydra
 12521 | Lair:2   | Reached skill level 5 in Armour
 12521 | Lair:2   | Reached skill level 10 in Invocations
 13017 | Lair:2   | Found a staircase to the Shoals.
 14616 | Lair:2   | Noticed an oklob plant
 14991 | Lair:3   | Slain by a spiny frog

Vault maps used:
D:1:      dpeg_arrival_tiny_a, wander_ebering_terrifying_dragon_lair
D:2:      cheibrodos_greedy_goblins, serial_undead, serial_undead_d,
          serial_undead_d, serial_undead_f, serial_undead_b, uniq_sigmund
D:3:      nicolae_overflow_quartered_altars, chequers_ecumenical_altar_simple
D:4:      minmay_temple_entry_large_hall,
          nicolae_dithmenos_through_a_glass_darkly, uniq_grinder
D:5:      gup_sewer_entry_pipe, first_ration, nicolae_ossuary_entry_ruins
D:6:      minitemple, serial_shops, nicolae_shop_behind_doors, nzn_random_ring,
          uniq_eustachio
D:7:      uniq_crazy_yiuf_cottage
D:8:      serial_shops, nicolae_shop_overgrown_old_shop, basic_altar
D:10:     lair_entry_dummy, david_orc_5, serial_shops, shop
Temple:   regret_index_temple_sphere_string
Lair:2:   elwin_shoals_entry_stream, minmay_lair_oklob_chamber
Lair:3:   minmay_snake_entry_guardpost_medium, uniq_rupert
Ossuary:  ossuary_minmay_scorpions

Skill      XL: |  1  2  3  4  5  6  7  8  9 10 11 |
---------------+----------------------------------+-----
Axes           | 3 4 7 8 9 11 13 15 16 | 16.0
Invocations    | 2 5 8 11 | 11.2
Evocations     | 1 4 6 7 |  7.2
Fighting       | 4 6 |  6.6
Armour         | 4 6 |  6.0
Shields        | |  3.2

Action                   |  1- 3 |  4- 6 |  7- 9 | 10-12 || total
-------------------------+-------+-------+-------+-------++-------
Melee: War axe           |   120 |    93 |   480 |   438 ||  1131
       Hand axe          |       |       |       |    97 ||    97
Evoke: Wand              |       |       |     6 |    19 ||    25
  Use: Potion            |     2 |       |       |     4 ||     6
       Scroll            |       |     5 |    14 |     5 ||    24
  Eat: Chunk             |       |     4 |     7 |    12 ||    23
       Ration            |       |       |     3 |     4 ||     7
Armor: Scale mail        |    53 |    50 |   173 |   143 ||   419
       Fire dragon scale |       |       |       |    42 ||    42
Dodge: Dodged            |    32 |    28 |   101 |   142 ||   303
Block: Shield            |    72 |    63 |   191 |    93 ||   419

Table legend:
 A = Non-vault XP
 B = Vault XP
 C = Vault XP percentage of total XP
 D = Non-vault monster count
 E = Vault monster count
 F = Vault count percentage of total count
                 A         B        C        D         E       F
            +---------+---------+-------+---------+---------+-------
      Total |   11784 |    5017 |  29.9 |     229 |     105 |  31.4
            +---------+---------+-------+---------+---------+-------
        D:1 |      42 |       3 |   6.7 |      26 |       1 |   3.7
        D:2 |      21 |     267 |  92.7 |       8 |      20 |  71.4
        D:3 |      69 |       0 |   0.0 |      15 |       0 |   0.0
        D:4 |     371 |     258 |  41.0 |      17 |       1 |   5.6
        D:5 |     338 |      19 |   5.3 |      18 |       7 |  28.0
        D:6 |    1012 |    1010 |  50.0 |      20 |      20 |  50.0
        D:7 |    1247 |      39 |   3.0 |      30 |       1 |   3.2
        D:8 |    1578 |       0 |   0.0 |      39 |       0 |   0.0
        D:9 |     969 |       0 |   0.0 |      19 |       0 |   0.0
       D:10 |    1192 |    1029 |  46.3 |      20 |      22 |  52.4
     Lair:1 |    1200 |       0 |   0.0 |       7 |       0 |   0.0
     Lair:2 |    3178 |    1562 |  33.0 |       8 |       4 |  33.3
     Lair:3 |     567 |       0 |   0.0 |       2 |       0 |   0.0
    Ossuary |       0 |     830 | 100.0 |       0 |      29 | 100.0
            +---------+---------+-------+---------+---------+-------
